[Event "Team 45 45 League T48"]
[Site "Internet Chess Club"]
[Date "2011.03.20"]
[Round "6"]
[White "zigzag2002"]
[Black "cepheid"]
[Result "0-1"]
[WhiteElo "1695"]
[BlackElo "1670"]
[Opening "Sicilian: Alapin's variation (2.c3)"]
[ECO "B22"]
[Time "10:30:29"]
[TimeControl "2700+45"]

1. e4 c5 2. c3 d5 3. exd5 Qxd5 4. d4 g6 5. Nf3 Bg7 6. Be3 cxd4 7. cxd4 Nf6 8.
Nc3 Qa5 9. Bd3 O-O 10. O-O Bg4 11. h3 Bxf3 12. Qxf3 Nc6 13. Bb5 Rac8 14. a4 a6
15. Bc4 Qb4 16. Bd5 Qxb2 17. Bc1 Qb4 18. Ba3 Qxd4 19. Bxc6 Rxc6 20. Ne2 Qe4 21.
Qxe4 Nxe4 22. Rad1 Nd6 23. Rfe1 Re8 24. Nf4 Nc4 25. Rxe7 Rcc8 26. Rde1 Rxe7 27.
Bxe7 Be5 28. Nd5 Kg7 29. f4 Bd4+ 30. Kh2 b5 31. Re4 Bb2 32. axb5 axb5 33. Nb4
Rc7 34. Nd5 Rd7 35. Nb4 Ba3 36. g4 Rxe7 37. Rxe7 Bxb4 38. Rb7 Nd6 39. Rb6 Kf6
40. Kg3 Ke6 41. Kh4 h6 42. g5 Be1+ 43. Kg4 h5+ 44. Kf3 Bb4 45. Ke2 Kf5 46. Kf3
Ke6 47. Ke2 Kd5 48. Kd3 Bc5 49. Ra6 b4 50. Ra2 Ne4 51. Ra6 b3 52. Ra1 b2 53. Rb1
Bd4 54. Kc2 Nc3 55. Rxb2 Ke4 56. Rb4 Ne2 57. Kd2 Nxf4 58. h4 Ng2 59. Rb7 f6 60.
gxf6 Bxf6 61. Rb4+ Bd4 62. Ra4 Nxh4 63. Ra6 Nf3+ 64. Ke2 g5 65. Rg6 h4 66. Rxg5
Nxg5 67. Kf1 Kf3 68. Ke1 Kg2 69. Kd2 h3 70. Kd3 h2 71. Kxd4 h1=Q 72. Ke5 Qh6 73.
Kf5 Qe6+ 74. Kxg5 Qf7 75. Kg4 Qf6 76. Kh5 Qg7 77. Kh4 Kf3 78. Kh5 Kf4 79. Kh4
Qg4# {White checkmated} 0-1

[Event "Team 45 45 League T48"]
[Site "Internet Chess Club"]
[Date "2011.03.19"]
[Round "6"]
[White "Constrictor"]
[Black "j316chuck"]
[Result "1-0"]
[WhiteElo "1635"]
[BlackElo "1511"]
[Opening "QGD Slav/Grünfeld: Schlechter variation"]
[ECO "E60"]
[Time "13:13:12"]
[TimeControl "2700+45"]

1. Nf3 Nf6 2. d4 g6 3. c4 c6 4. Nc3 d5 5. cxd5 Nxd5 6. Nxd5 cxd5 7. e3 Bg7 8.
Bb5+ Bd7 9. Qa4 Bxb5 10. Qxb5+ Qd7 11. Qxd7+ Kxd7 12. Bd2 Nc6 13. Ke2 a6 14. a4
e5 15. dxe5 Bxe5 16. Nxe5+ Nxe5 17. Bc3 Rhe8 18. Rad1 Kc6 19. b3 f5 20. Rd2 Rad8
21. Rhd1 Nf7 22. Rc2 Rd7 23. Rdc1 Kd6 24. Bb4+ Ke6 25. Rc7 Red8 26. Ba5 Rxc7 27.
Rxc7 Rd7 28. Rxd7 Kxd7 29. Bc3 Kc6 30. Kd3 Nd8 31. Kd4 Ne6+ 32. Ke5 Nc5 33. Kf6
Kd6 34. Kg7 Ke6 35. Kxh7 g5 36. Kg6 g4 37. h4 gxh3 38. gxh3 Ne4 39. Be1 b5 40.
axb5 axb5 41. h4 f4 42. exf4 d4 43. h5 Nf6 44. f5+ Ke5 45. f4+ Kxf4 46. Kxf6 Ke3
47. h6 d3 48. Bb4 d2 49. Bxd2+ Kxd2 50. h7 Kc3 51. h8=Q Kxb3 52. Ke6 b4 53. f6
Ka2 54. f7 b3 55. f8=Q b2 56. Qa8+ Kb3 57. Qhb8+ Kc2 58. Qc6+ {Black resigns}
1-0

[Event "Team 45 45 League T48"]
[Site "Internet Chess Club"]
[Date "2011.03.19"]
[Round "6"]
[White "chess-fan"]
[Black "JWB"]
[Result "0-1"]
[WhiteElo "1441"]
[BlackElo "1649"]
[Opening "Sicilian: Najdorf, Opocensky variation"]
[ECO "B92"]
[Time "11:30:06"]
[TimeControl "2700+45"]

1. e4 c5 2. Nf3 d6 3. d4 cxd4 4. Nxd4 Nf6 5. Nc3 a6 6. Be2 e5 7. Nb3 Be7 8. O-O
Be6 9. Be3 O-O 10. Qd2 Qc7 11. Rad1 Nbd7 12. f4 Rac8 13. f5 Bc4 14. Bxc4 Qxc4
15. Rf3 Nxe4 16. Nxe4 Qxe4 17. c3 Qa4 18. Rg3 Kh8 19. Bg5 Nf6 20. Bxf6 Bxf6 21.
Qxd6 Rcd8 22. Qxd8 Rxd8 23. Rxd8+ Bxd8 24. Rd3 Bb6+ 25. Kh1 Qc4 26. Rd1 h5 27.
h3 Qe2 28. Rg1 Bxg1 29. Kxg1 Qe1+ 30. Kh2 e4 31. Nc5 e3 32. Nxb7 h4 33. c4 Qg3+
34. Kg1 e2 35. c5 e1=Q# {White checkmated} 0-1

[Event "Team 45 45 League T48"]
[Site "Internet Chess Club"]
[Date "2011.03.19"]
[Round "6"]
[White "BenjaminSisko"]
[Black "kid6988"]
[Result "0-1"]
[WhiteElo "1438"]
[BlackElo "1592"]
[Opening "Scotch gambit"]
[ECO "C44"]
[Time "21:30:42"]
[TimeControl "2700+45"]

1. e4 e5 2. Nf3 Nc6 3. d4 exd4 4. Bc4 Bc5 5. O-O h6 6. c3 dxc3 7. Qd5 Qe7 8. e5
d6 9. exd6 cxd6 10. Re1 Be6 11. Qd3 cxb2 12. Bxb2 Nf6 13. Ba3 O-O 14. Bxe6 fxe6
15. Bxc5 dxc5 16. Qc4 Rfe8 17. Nc3 Rad8 18. Ne4 Rd5 19. Rac1 Nxe4 20. Rxe4 Kh8
21. Rce1 Qf6 22. Rxe6 Rxe6 23. Qxd5 Rxe1+ 24. Nxe1 Qe5 25. Qxe5 Nxe5 26. Kf1 Kg8
27. Ke2 Kf7 28. f3 g5 29. Nc2 Nc4 30. Kd3 b5 31. Na1 Ke6 32. Nb3 Kd5 33. g3 a5
34. Nc1 a4 35. Ne2 Ne5+ 36. Ke3 b4 {White resigns} 0-1

[Event "Team 45 45 League T48"]
[Site "Internet Chess Club"]
[Date "2011.03.20"]
[Round "6"]
[White "Deadly-Spike"]
[Black "peterdiplaros"]
[Result "0-1"]
[WhiteElo "1390"]
[BlackElo "1460"]
[Opening "Sicilian: dragon, classical attack"]
[ECO "B72"]
[Time "21:02:38"]
[TimeControl "2700+45"]

1. e4 c5 2. Nf3 d6 3. d4 cxd4 4. Nxd4 Nf6 5. Nc3 g6 6. Be3 Bg7 7. Be2 Bd7 8. Qd2
Nc6 9. O-O Nxd4 10. Bxd4 O-O 11. e5 dxe5 12. Bxe5 Bc6 13. Qxd8 Raxd8 14. Rad1 a6
15. Rxd8 Rxd8 16. Rd1 Rxd1+ 17. Bxd1 b5 18. a3 Nd7 19. Bxg7 Kxg7 20. f3 e5 21.
Kf2 Kf6 22. g4 Kg5 23. h3 f5 24. Be2 Kh4 25. Kg2 Nc5 26. b4 Ne6 27. Kf2 Kxh3 28.
gxf5 gxf5 29. Bf1+ Kh4 30. Bd3 Nd4 31. Ne2 e4 32. fxe4 Nxe2 33. Bxe2 Bxe4 34.
Bd3 h5 35. Bxe4 fxe4 36. Ke3 Kg3 37. Kxe4 h4 38. Kd5 h3 39. Kc6 h2 40. Kb6 h1=Q
41. Kxa6 Qc6+ 42. Ka5 Kf4 43. c3 Ke4 44. c4 bxc4 45. b5 Qxb5+ 46. Kxb5 c3 47. a4
c2 48. a5 c1=Q 49. a6 Qc7 {White resigns} 0-1

[Event "Team 45 45 League T48"]
[Site "Internet Chess Club"]
[Date "2011.03.18"]
[Round "6"]
[White "andrew32"]
[Black "LazyPeon"]
[Result "1-0"]
[WhiteElo "1486"]
[BlackElo "1799"]
[Opening "Sicilian: Najdorf, Lipnitzky attack"]
[ECO "B86"]
[Time "17:02:44"]
[TimeControl "2700+45"]

1. e4 c5 2. Nf3 d6 3. d4 cxd4 4. Nxd4 Nf6 5. Nc3 a6 6. Bc4 e6 7. Be3 Be7 8. f4
b5 9. Bb3 Bb7 10. Bxe6 Nxe4 11. Bh3 Nd7 12. O-O O-O 13. Nf5 Ndf6 14. Bd4 d5 15.
Kh1 b4 16. Na4 Re8 17. Bb6 Qb8 18. Bd4 Bd6 19. Nb6 Bxf4 20. Nxg7 Kxg7 21. Nd7
Qd6 22. Qg4+ Bg5 23. Bxf6+ Nxf6 24. Qxg5+ Kh8 25. Nxf6 {Black resigns} 1-0

[Event "Team 45 45 League T48"]
[Site "Internet Chess Club"]
[Date "2011.03.19"]
[Round "6"]
[White "room-matt"]
[Black "isolani"]
[Result "1-0"]
[WhiteElo "1649"]
[BlackElo "1504"]
[Opening "Pirc: Ufimtsev-Pytel variation"]
[ECO "B07"]
[Time "11:23:39"]
[TimeControl "2700+45"]

1. e4 d6 2. d4 Nf6 3. Nc3 c6 4. h3 Nbd7 5. f4 e5 6. g4 Be7 7. g5 exd4 8. gxf6
Bxf6 9. Nce2 Qa5+ 10. Qd2 Bh4+ 11. Kd1 Qh5 12. Qxd4 O-O 13. Qxd6 Nc5 14. Qe5 f5
15. Qxc5 Rd8+ 16. Bd2 Bg3 17. Kc1 {Black resigns} 1-0

[Event "Team 45 45 League T48"]
[Site "Internet Chess Club"]
[Date "2011.03.21"]
[Round "6"]
[White "Juan73"]
[Black "ticopatzer"]
[Result "0-1"]
[WhiteElo "1672"]
[BlackElo "1636"]
[Opening "Robatsch defense: two knights variation"]
[ECO "B06"]
[Time "20:02:30"]
[TimeControl "2700+45"]

1. e4 g6 2. d4 Bg7 3. Nf3 d6 4. Nc3 a6 5. Bc4 b5 6. Bb3 Bb7 7. a3 Nf6 8. Qd3 O-O
9. Bg5 c5 10. dxc5 dxc5 11. Bd5 Nxd5 12. Nxd5 Bxd5 13. O-O-O Qc7 14. Qxd5 Ra7
15. h4 c4 16. h5 c3 17. b3 Qa5 18. Qc5 Rc7 19. Qb4 Qxb4 20. axb4 Nc6 21. hxg6
hxg6 22. Bh6 Nxb4 23. Bxg7 Kxg7 24. Rh4 Rh8 25. Rdh1 Rxh4 26. Rxh4 Rd7 27. Rh1
a5 28. Rd1 Na2+ 29. Kb1 Rxd1+ 30. Kxa2 b4 31. g3 Rc1 32. Nd4 e5 33. Nc6 Rxc2+
34. Kb1 Rb2+ 35. Kc1 Rxb3 36. Nxa5 Ra3 37. Nc4 Ra2 38. Nxe5 b3 {White resigns}
0-1

[Event "Team 45 45 League T48"]
[Site "Internet Chess Club"]
[Date "2011.03.21"]
[Round "6"]
[White "Rapidcitychess"]
[Black "Andressa"]
[Result "1-0"]
[WhiteElo "1573"]
[BlackElo "1495"]
[Opening "Ruy Lopez: closed defense"]
[ECO "C87"]
[Time "14:11:26"]
[TimeControl "2700+45"]

1. e4 e5 2. Nf3 Nc6 3. Bb5 a6 4. Ba4 Nf6 5. O-O Be7 6. Re1 O-O 7. Bxc6 dxc6 8.
Nxe5 Qd4 9. Nf3 Qa4 10. Nc3 Qb4 11. a3 Qb6 12. d4 Rd8 13. b4 a5 14. b5 cxb5 15.
e5 Nd5 16. Nxd5 Rxd5 17. Rb1 Bg4 18. Be3 Bxa3 19. c4 Rdd8 20. Rxb5 Qa6 21. Qd3
Bxf3 22. gxf3 Bb4 23. Ra1 c6 24. Rxb4 c5 25. Rb5 cxd4 26. Bxd4 a4 27. Qc3 Qg6+
28. Kf1 Qh6 29. Kg1 Ra6 30. Rd5 Rg6+ 31. Kf1 Qg5 32. Rxd8+ Qxd8 33. Rxa4 h6 34.
f4 Qh4 35. f5 Rg4 36. c5 Qxh2 37. Qf3 Rf4 38. Qg2 Qh4 39. Ra8+ Kh7 40. f6 Rg4
41. Qxb7 Rxd4 42. Qg2 Rg4 43. Qf3 Rf4 44. Qg3 Rg4 45. Qxh4 Rxh4 46. c6 {Black
resigns} 1-0

[Event "Team 45 45 League T48"]
[Site "Internet Chess Club"]
[Date "2011.03.20"]
[Round "6"]
[White "Theodulf"]
[Black "musk6868"]
[Result "0-1"]
[WhiteElo "1635"]
[BlackElo "1913"]
[Opening "Sicilian: Alapin's variation (2.c3)"]
[ECO "B22"]
[Time "11:03:00"]
[TimeControl "2700+45"]

1. e4 c5 2. c3 d5 3. exd5 Qxd5 4. d4 Nc6 5. Nf3 Bg4 6. Be3 cxd4 7. cxd4 Bxf3 8.
Qxf3 Qxf3 9. gxf3 O-O-O 10. Na3 e6 11. Nc2 Nf6 12. O-O-O Nd5 13. Rg1 g6 14. Bg5
Be7 15. f4 h6 16. Bxe7 Ncxe7 17. Rg3 Nxf4 18. Rf3 Ned5 19. Bc4 Rd7 20. Kb1 Rc7
21. Bb3 Rd8 22. Ne3 h5 23. Nxd5 Nxd5 24. Rc1 Rd7 25. Bxd5 exd5 26. Rd1 Re7 27.
Re3 Re4 28. Rxe4 dxe4 29. Re1 f5 30. b3 Kd7 31. h4 Kd6 32. Rg1 Rg7 33. Kc2 Kd5
34. Kc3 Rc7+ 35. Kb2 Rc6 36. Rd1 b5 37. a3 a5 38. Rg1 Kxd4 39. Rd1+ Ke5 40. Rd8
Kf4 41. Ra8 a4 42. bxa4 bxa4 43. Rxa4 Kf3 44. Rd4 Kxf2 45. Rd2+ Ke1 46. Rg2 Kf1
47. Rh2 e3 48. a4 e2 49. Rh1+ Kg2 50. Ra1 Kf2 51. Kb3 e1=Q {White resigns} 0-1

[Event "Team 45 45 League T48"]
[Site "Internet Chess Club"]
[Date "2011.03.20"]
[Round "6"]
[White "katikus"]
[Black "parrot9"]
[Result "1-0"]
[WhiteElo "1642"]
[BlackElo "1583"]
[Opening "Sicilian: Alapin's variation (2.c3)"]
[ECO "B22"]
[Time "12:01:02"]
[TimeControl "2700+45"]

1. e4 c5 2. c3 Nf6 3. e5 Nd5 4. d4 e6 5. Nf3 Nc6 6. c4 Nb6 7. d5 exd5 8. cxd5
Nb4 9. d6 h6 10. Nc3 g5 11. a3 Nc6 12. Nb5 Bg7 13. Nc7+ Kf8 14. Nxa8 Nxa8 15.
Qd5 Qe8 16. Qxc5 g4 17. Nd2 Bxe5 18. Qe3 Nb6 19. Nc4 Nd5 20. Qe2 Qe6 21. Nxe5
Nxe5 22. Be3 Nxe3 23. Qxe3 Qxd6 24. Qxa7 b6 25. Qa4 Bb7 26. Qb4 Qxb4+ 27. axb4
Kg7 28. Kd2 Rc8 29. h3 Nc4+ 30. Bxc4 Rxc4 31. hxg4 Rxb4 32. Rh2 Rxb2+ 33. Ke3
Rb3+ 34. Kf4 Rb4+ 35. Kg3 Rb3+ 36. f3 Rc3 37. Rb1 Rc6 38. Rh5 Ba6 39. Rd5 d6 40.
Rbd1 Bc4 41. Rxd6 Rxd6 42. Rxd6 b5 43. Rb6 f6 44. Kf4 Kg6 45. g3 Be2 46. Ke4 Bc4
47. f4 Be2 48. f5+ Kg5 49. Rb7 Kxg4 50. Rg7+ Kh3 51. Kf4 b4 52. Rf7 b3 53. Rxf6
h5 54. Rb6 Bc4 55. f6 Kg2 56. Rb7 Kf2 57. f7 Ke1 {Black resigns} 1-0

[Event "Team 45 45 League T48"]
[Site "Internet Chess Club"]
[Date "2011.03.21"]
[Round "6"]
[White "Invicta-Knight"]
[Black "whiskeytown"]
[Result "0-1"]
[WhiteElo "1488"]
[BlackElo "1473"]
[Opening "Pirc defense"]
[ECO "B07"]
[Time "12:10:17"]
[TimeControl "2700+45"]

1. e4 d6 2. d4 Nf6 3. Nc3 g6 4. Be3 Bg7 5. Qd2 Nc6 6. h3 b6 7. Bb5 Bd7 8. O-O-O
a6 9. Ba4 Na5 10. Bxd7+ Qxd7 11. Qe2 b5 12. Bd2 Nc4 13. e5 dxe5 14. dxe5 Nd5 15.
Nf3 Nxd2 16. Qxd2 c6 17. Nxd5 cxd5 18. Qxd5 Qxd5 19. Rxd5 O-O 20. Rhd1 e6 21.
Rd6 a5 22. g4 Ra7 23. Rb6 b4 24. Rb5 Rc8 25. Nd4 Rd8 26. Nc6 Bh6+ {White
resigns} 0-1

[Event "Team 45 45 League T48"]
[Site "Internet Chess Club"]
[Date "2011.03.17"]
[Round "6"]
[White "AlekSaxon"]
[Black "houseofcook"]
[Result "1-0"]
[WhiteElo "1492"]
[BlackElo "1392"]
[Opening "Queen's pawn game"]
[ECO "E10"]
[Time "15:13:37"]
[TimeControl "2700+45"]

1. d4 Nf6 2. c4 e6 3. Nf3 d5 4. e3 Be7 5. Ne5 O-O 6. Qc2 c5 7. Bd3 b6 8. O-O Bb7
9. Re1 Nbd7 10. Nxd7 Qxd7 11. b3 Ne4 12. f3 Nf6 13. Nd2 g6 14. Bb2 Qc7 15. Re2
Nd7 16. Rf1 Bd6 17. g3 Rae8 18. dxc5 Nxc5 19. Qc3 Nxd3 20. Qg7# {Black
checkmated} 1-0

[Event "Team 45 45 League T48"]
[Site "Internet Chess Club"]
[Date "2011.03.22"]
[Round "6"]
[White "ben622"]
[Black "pestka"]
[Result "1/2-1/2"]
[WhiteElo "2029"]
[BlackElo "2336"]
[Opening "Sicilian: accelerated fianchetto, modern variation with Bc4"]
[ECO "B35"]
[Time "16:02:57"]
[TimeControl "2700+45"]

1. e4 c5 2. Nf3 Nc6 3. d4 cxd4 4. Nxd4 g6 5. Nc3 Bg7 6. Be3 Nf6 7. Bc4 Qa5 8.
O-O O-O 9. Bb3 d6 10. f3 Bd7 11. Qd2 Rfc8 12. Rad1 Ne5 13. Nd5 Qxd2 14. Rxd2
Nxd5 15. exd5 a5 16. a4 Nc4 17. Bxc4 Rxc4 18. b3 Rc3 19. Kf2 Rac8 20. Rc1 Bxd4
21. Bxd4 Rxb3 22. Re1 Rb4 23. c3 Rb3 24. Rxe7 Bxa4 25. Ra2 Kf8 26. Bf6 Be8 27.
Rxa5 Rbxc3 28. Rxb7 R3c5 29. Rxc5 Rxc5 30. Be7+ Kg7 31. Bxd6 Rxd5 32. Bb4 {Game
drawn by mutual agreement} 1/2-1/2

[Event "Team 45 45 League T48"]
[Site "Internet Chess Club"]
[Date "2011.03.21"]
[Round "6"]
[White "eurander"]
[Black "jorobo"]
[Result "0-1"]
[WhiteElo "2118"]
[BlackElo "2009"]
[Opening "French: Tarrasch, closed variation"]
[ECO "C05"]
[Time "06:42:20"]
[TimeControl "2700+45"]

1. e4 e6 2. d4 d5 3. Nd2 Nf6 4. e5 Nfd7 5. Bd3 c5 6. c3 Nc6 7. Ne2 Qb6 8. Nf3
cxd4 9. cxd4 f6 10. exf6 Nxf6 11. O-O Bd6 12. b3 O-O 13. Bg5 e5 14. dxe5 Nxe5
15. Nxe5 Bxe5 16. Rc1 Ng4 17. Bb1 Rxf2 18. Rxf2 Qxf2+ 19. Kh1 Be6 20. Qd3 g6 21.
h3 Nf6 22. Be3 Qh4 23. Bd4 Ne4 24. Qe3 Ng3+ 25. Nxg3 Qxd4 26. Qxd4 Bxd4 27. Ne2
Be3 28. Rd1 Rf8 29. Ng1 Rf2 30. Re1 d4 31. Be4 Rxa2 32. Bxb7 Bxb3 33. Nf3 a5 34.
Ne5 Rd2 35. Ng4 Rd1 36. Rxd1 Bxd1 {White resigns} 0-1

[Event "Team 45 45 League T48"]
[Site "Internet Chess Club"]
[Date "2011.03.21"]
[Round "6"]
[White "azbycx"]
[Black "MarkNY"]
[Result "0-1"]
[WhiteElo "1839"]
[BlackElo "1705"]
[Opening "Neo-Grünfeld, 6.O-O"]
[ECO "D77"]
[Time "20:35:56"]
[TimeControl "2700+45"]

1. d4 Nf6 2. Nf3 g6 3. g3 Bg7 4. Bg2 O-O 5. O-O d5 6. c4 dxc4 7. Qa4 Be6 8. Nc3
c6 9. e4 b5 10. Qc2 Bg4 11. Be3 Qc8 12. d5 a6 13. a4 b4 14. Ne2 cxd5 15. exd5
Nxd5 16. Qe4 Nxe3 17. fxe3 Ra7 18. Ned4 Rc7 19. Ne5 Bh3 20. Bxh3 Qxh3 21. Rac1
Bxe5 22. Qxe5 Rfc8 23. Qf4 f6 24. g4 e5 25. Qf3 Qxf3 26. Nxf3 c3 27. b3 Nc6 28.
Ne1 Kf7 29. Nd3 a5 30. Rf2 e4 31. Nf4 Ne5 32. Rfc2 Nxg4 33. Re1 Rd7 34. Ree2 Ne5
35. Kg2 Rcd8 36. Kf2 Nd3+ 37. Kg3 Nxf4 38. Kxf4 f5 {White resigns} 0-1

[Event "Team 45 45 League T48"]
[Site "Internet Chess Club"]
[Date "2011.03.18"]
[Round "6"]
[White "tourettes"]
[Black "futureGM"]
[Result "0-1"]
[WhiteElo "1489"]
[BlackElo "1842"]
[Opening "Ruy Lopez: Berlin defense"]
[ECO "C65"]
[Time "14:19:19"]
[TimeControl "2700+45"]

1. e4 e5 2. Nf3 Nc6 3. Bb5 Nf6 4. d3 a6 5. Bxc6 dxc6 6. h3 Bd6 7. O-O O-O 8. Be3
Be6 9. Nbd2 Qd7 10. Ng5 Rad8 11. Nxe6 Qxe6 12. Nf3 h6 13. Nh4 Be7 14. Nf5 Kh8
15. Qd2 Nxe4 16. Nxg7 Kxg7 17. Qc1 Ng5 18. f4 exf4 19. Rxf4 f6 20. h4 Nf7 21.
Qd2 Bd6 22. Re4 Qd7 23. Qe2 f5 24. Bd4+ Kh7 25. Re6 Rde8 26. Rxe8 Rxe8 27. Qf3
Ne5 28. Qh3 Ng4 29. Rf1 Bh2+ 30. Kh1 Qxd4 {White resigns} 0-1

[Event "Team 45 45 League T48"]
[Site "Internet Chess Club"]
[Date "2011.03.19"]
[Round "6"]
[White "nightly"]
[Black "bobhill"]
[Result "0-1"]
[WhiteElo "1854"]
[BlackElo "2022"]
[Opening "English: symmetrical, main line with d4"]
[ECO "A39"]
[Time "10:00:04"]
[TimeControl "2700+45"]

1. Nf3 c5 2. c4 Nc6 3. Nc3 g6 4. g3 Bg7 5. Bg2 Nf6 6. O-O O-O 7. d4 cxd4 8. Nxd4
Nxd4 9. Qxd4 d6 10. Qd3 Rb8 11. e4 Be6 12. Nd5 Ng4 13. f4 Bxd5 14. cxd5 Qb6+ 15.
Kh1 Nf2+ 16. Rxf2 Qxf2 17. Be3 Qxb2 {White resigns} 0-1

[Event "Team 45 45 League T48"]
[Site "Internet Chess Club"]
[Date "2011.03.21"]
[Round "6"]
[White "bgolev"]
[Black "poni"]
[Result "0-1"]
[WhiteElo "1786"]
[BlackElo "1967"]
[Opening "Robatsch (modern) defense"]
[ECO "B06"]
[Time "13:32:33"]
[TimeControl "2700+45"]

1. e4 g6 2. d4 Bg7 3. c4 c5 4. d5 b5 5. cxb5 a6 6. bxa6 Bxa6 7. Bxa6 Nxa6 8. Nc3
d6 9. Nge2 Nf6 10. O-O O-O 11. a3 Nd7 12. Nb5 Nc7 13. Nec3 Nxb5 14. Nxb5 Qa5 15.
a4 Qb4 16. Qc2 Rfb8 17. Ra3 Nb6 18. b3 c4 19. Bb2 cxb3 20. Rxb3 Qxa4 21. Bxg7
Kxg7 22. Qb2+ Kg8 23. Nc7 Nd7 24. Rxb8+ Rxb8 25. Qe2 Qa5 26. Rc1 Nc5 27. Ne6
fxe6 28. dxe6 Nxe6 29. Qg4 Qa2 30. h4 Rb1 31. Rxb1 Qxb1+ 32. Kh2 Qb3 33. f4 Qc4
34. f5 Ng7 35. fxg6 hxg6 36. Qxg6 Qe6 37. Qxe6+ Nxe6 38. Kg3 Kg7 39. Kf3 Kg6 40.
g4 Kf6 41. g5+ Nxg5+ 42. hxg5+ Kxg5 43. Ke3 e5 {White resigns} 0-1

[Event "Team 45 45 League T48"]
[Site "Internet Chess Club"]
[Date "2011.03.18"]
[Round "6"]
[White "koni"]
[Black "Beetlejuice"]
[Result "1-0"]
[WhiteElo "1938"]
[BlackElo "1778"]
[Opening "Benko's opening"]
[ECO "A00"]
[Time "14:13:20"]
[TimeControl "2700+45"]

1. g3 Nf6 2. Bg2 g6 3. b3 Bg7 4. Bb2 c5 5. c4 O-O 6. Nf3 Nc6 7. d4 cxd4 8. Nxd4
a6 9. O-O Qc7 10. Nc3 b6 11. Rc1 Rb8 12. Nd5 Qd6 13. Nxc6 Nxd5 14. Bxg7 Kxg7 15.
Nxb8 {Black resigns} 1-0

[Event "Team 45 45 League T48"]
[Site "Internet Chess Club"]
[Date "2011.03.20"]
[Round "6"]
[White "room-matt"]
[Black "SneakyRed"]
[Result "0-1"]
[WhiteElo "1639"]
[BlackElo "1795"]
[Opening "Caro-Kann: Goldman (Spielmann) variation"]
[ECO "B11"]
[Time "11:06:26"]
[TimeControl "2700+45"]

1. e4 c6 2. Nc3 d5 3. Qf3 dxe4 4. Nxe4 Nd7 5. d4 Ngf6 6. Bc4 Nb6 7. Bd3 Qxd4 8.
Ne2 Qd7 9. O-O Qg4 10. Nxf6+ gxf6 11. Be4 Qxf3 12. Bxf3 Bf5 13. Nd4 Bd7 14. Nb3
e5 15. Rd1 O-O-O 16. Be3 h5 17. a4 Bg4 18. Rxd8+ Kxd8 19. Bxb6+ axb6 20. Bxg4
hxg4 21. Rd1+ Kc7 22. Nd2 Be7 23. Nc4 Ra8 24. b3 Bc5 25. c3 b5 26. axb5 cxb5 27.
Ne3 Bxe3 28. fxe3 Ra3 29. Rb1 f5 30. Kf2 Ra2+ 31. Kf1 Rc2 32. c4 bxc4 33. bxc4
Rxc4 34. Rb5 Re4 35. Kf2 Kc6 36. Rb3 b5 37. Rc3+ Rc4 38. Rb3 b4 39. Rd3 Rc3 40.
Rd8 Kb5 41. Re8 b3 42. Rb8+ Ka4 43. Ra8+ Kb4 44. Rb8+ Ka3 {White resigns} 0-1

[Event "Team 45 45 League T48"]
[Site "Internet Chess Club"]
[Date "2011.03.18"]
[Round "6"]
[White "charles-allen"]
[Black "Terte"]
[Result "1-0"]
[WhiteElo "1900"]
[BlackElo "2029"]
[Opening "Sicilian defense"]
[ECO "B30"]
[Time "11:00:35"]
[TimeControl "2700+45"]

1. e4 c5 2. Nf3 Nc6 3. c3 g6 4. d4 cxd4 5. cxd4 Bg7 6. Nc3 d6 7. Be2 Nf6 8. d5
Nb8 9. Be3 O-O 10. O-O Bg4 11. Nd4 Bxe2 12. Qxe2 Nbd7 13. Rac1 h5 14. f3 Ne5 15.
Rc2 Qd7 16. Rfc1 a6 17. b3 Rac8 18. Na4 Rxc2 19. Qxc2 Ne8 20. Nb6 Qd8 21. Ne2
Nd7 22. Qc8 Qxc8 23. Nxc8 Bf6 24. Bh6 Ng7 25. Rc7 Rd8 26. Be3 Kf8 27. Nb6 Nc5
28. Bxc5 dxc5 29. Nd7+ Ke8 30. Nxf6+ exf6 31. Rxb7 f5 32. Rc7 fxe4 33. fxe4 Rd7
34. Rxc5 f5 35. e5 Ke7 36. d6+ Kf7 37. Rc7 Ke8 38. Rxd7 Kxd7 39. Nd4 Ne8 40. Kf2
Nxd6 41. exd6 Kxd6 42. Ke3 Ke5 43. Nf3+ Kd5 44. Ne1 g5 45. Nd3 f4+ 46. Nxf4+
gxf4+ 47. Kxf4 Kc5 48. Kg5 Kb4 49. Kxh5 a5 50. Kg5 Ka3 51. h4 Kxa2 52. h5 Kxb3
53. h6 a4 54. h7 a3 55. h8=Q Ka2 56. Qa8 Kb2 57. Qxa3+ Kxa3 58. Kf6 {Black
resigns} 1-0

[Event "Team 45 45 League T48"]
[Site "Internet Chess Club"]
[Date "2011.03.18"]
[Round "6"]
[White "mugurelt"]
[Black "flyingpawns"]
[Result "1-0"]
[WhiteElo "1798"]
[BlackElo "1768"]
[Opening "QGD semi-Slav: 5.e3"]
[ECO "D45"]
[Time "21:07:23"]
[TimeControl "2700+45"]

1. c4 c6 2. Nc3 d5 3. e3 Nf6 4. Nf3 e6 5. d4 Be7 6. Bd3 dxc4 7. Bxc4 b5 8. Bd3
Bb7 9. Qc2 a6 10. Ne4 Nbd7 11. Bd2 Rc8 12. b4 Nxe4 13. Bxe4 Nf6 14. Bd3 Nd5 15.
a3 h6 16. Qb2 O-O 17. O-O Nb6 18. Rac1 Re8 19. Rc2 Bf6 20. Be2 Nd7 21. Rd1 Qe7
22. Bc3 Nb6 23. Nd2 Na4 24. Qa1 Nxc3 25. Qxc3 e5 26. Ne4 exd4 27. Nxf6+ Qxf6 28.
Qxd4 Qg6 29. Rc5 Qe6 30. Bg4 Qg6 31. Bxc8 Bxc8 32. Qd6 f6 33. Qxc6 Bh3 34. Qf3
Bg4 35. Qd5+ Kh8 36. Rdc1 Be6 37. Qf3 Bc4 38. Rc7 Qd3 39. Qg4 Rg8 40. a4 Qa3 41.
Rb1 Qxa4 42. Qd1 Qa3 43. h3 Qc3 44. Ra7 Ba2 45. Ra1 Bb3 46. Qe1 Qe5 47. R7xa6
Bd5 48. Qe2 Bc4 49. Qd2 Bd5 50. f3 Qg5 51. Qf2 Re8 52. e4 Bb7 53. Ra7 Bc8 54.
Ra8 Rg8 55. Kh2 Qe5+ 56. Qg3 Qc3 57. Qd6 Qc4 58. R1a7 Be6 59. Rxg8+ Bxg8 60. Qe7
{Black resigns} 1-0

[Event "Team 45 45 League T48"]
[Site "Internet Chess Club"]
[Date "2011.03.21"]
[Round "6"]
[White "j65536d"]
[Black "Victorianum"]
[Result "1-0"]
[WhiteElo "1837"]
[BlackElo "1762"]
[Opening "KGA: Bonsch-Osmolovsky variation"]
[ECO "C34"]
[Time "13:31:19"]
[TimeControl "2700+45"]

1. e4 e5 2. f4 exf4 3. Nf3 Ne7 4. d4 Ng6 5. Bc4 Bb4+ 6. Nc3 O-O 7. h4 Re8 8. h5
Bxc3+ 9. bxc3 Rxe4+ 10. Kf2 Nf8 11. Bd3 Re8 12. Bxf4 d6 13. Qd2 Bg4 14. Rae1
Rxe1 15. Qxe1 Nc6 16. Ng5 h6 17. Ne4 d5 18. Ng3 Qf6 19. Qe3 Ne6 20. Bf5 Bxf5 21.
Be5 Nxe5 22. dxe5 Qg5 23. Qxg5 Nxg5 24. Nxf5 Re8 25. Rb1 b6 26. Re1 Ne4+ 27. Ke3
Rxe5 28. Kf4 f6 29. c4 Nd6 30. Rxe5 fxe5+ 31. Kxe5 Nxf5 32. Kxf5 dxc4 33. Ke6 a5
34. Kd5 Kf7 35. Kxc4 c6 36. Kd4 Kf6 37. c4 Ke6 38. a4 Kf5 39. c5 b5 40. axb5 a4
41. b6 a3 42. Kc3 {Black forfeits on time} 1-0

[Event "Team 45 45 League T48"]
[Site "Internet Chess Club"]
[Date "2011.03.20"]
[Round "6"]
[White "BanjoStu"]
[Black "ChessicalZ"]
[Result "1/2-1/2"]
[WhiteElo "1526"]
[BlackElo "1662"]
[Opening "English: symmetrical, main line with d3"]
[ECO "A38"]
[Time "17:00:43"]
[TimeControl "2700+45"]

1. c4 Nf6 2. g3 c5 3. Bg2 g6 4. Nc3 Bg7 5. Nf3 O-O 6. O-O Nc6 7. d3 e6 8. d4
cxd4 9. Nxd4 Nxd4 10. Qxd4 Nd5 11. Qd2 Nxc3 12. bxc3 Qa5 13. Bb2 Rd8 14. Rfd1 d6
15. a4 Rb8 16. c5 Bd7 17. cxd6 Bc6 18. c4 Qxd2 19. Rxd2 Bxb2 20. Rxb2 Bxg2 21.
Kxg2 Rxd6 22. Rab1 Rc6 23. Rxb7 Rxb7 24. Rxb7 Rxc4 25. Rxa7 Rc2 26. e3 Ra2 27.
a5 h5 28. a6 Kg7 29. Kf3 Kf6 30. h3 Ra4 {Game drawn by mutual agreement} 1/2-1/2

[Event "Team 45 45 League T48"]
[Site "Internet Chess Club"]
[Date "2011.03.21"]
[Round "6"]
[White "Deckfuel"]
[Black "superbeast"]
[Result "0-1"]
[WhiteElo "1863"]
[BlackElo "1964"]
[Opening "Dunst (Sleipner, Heinrichsen) opening"]
[ECO "A00"]
[Time "17:01:27"]
[TimeControl "2700+45"]

1. Nc3 c5 2. Nf3 Nc6 3. d4 cxd4 4. Nxd4 Nf6 5. g3 g6 6. Bg2 Bg7 7. O-O O-O 8. e4
Nxe4 9. Nxc6 Nxc3 10. Nxd8 Nxd1 11. Nxb7 Nxb2 12. Rb1 Bxb7 13. Bxb7 Rab8 14. Bd5
Na4 15. Rxb8 Rxb8 16. Ba3 Nc3 17. Bb3 e6 18. Bd6 Rb6 19. Ba3 a5 20. Bc4 d5 21.
Bd3 Nxa2 22. c4 Rb3 {White resigns} 0-1